 Dungeon Sprint DCSS version 0.29-a0-356-g7bc237e783 (webtiles) character file.

Game seed: 6797375946297819946

700000 Zeldest the Nimble (level 10, -33/83 HPs)
             Began as a Vampire Warper on Apr 25, 2022.
             Annihilated by a meat berserker
             ... wielding a +9 battleaxe
              (38 damage)
             ... in the Dungeon (Sprint VIII: "Arena of Blood").
             The game lasted 00:00:13 (7 turns).

Zeldest the Nimble (Vampire Warper)                    Turns: 7, Time: 00:00:13

Health: -33/83     AC:  4    Str: 10    XL:     10   Next: 77%
Magic:  3/23       EV: 18    Int: 17    God:
Gold:   0          SH:  0    Dex: 17    Spells: 28/28 levels left

rFire   . . .      SeeInvis +   j - +∞ Axe of Woe
rCold   . . .      Faith    .   (shield currently unavailable)
rNeg    . . .      Spirit   .   b - +0 leather armour
rPois   .          Reflect  .   (no helmet)
rElec   .          Harm     .   (no cloak)
rCorr   .          Rampage  .   (no gloves)
Will    +....      NoTele   +   (no boots)
Stlth   +.........              (no amulet)
HPRegen 0.43/turn               (no ring)
MPRegen 0.18/turn               (no ring)

@: healing quickly
A: alive, fangs 3, see invisible, vampiric 2
a: Exsanguinate


You were in the Dungeon.
You visited 1 branch

Inventory:

Hand Weapons
 a - a +0 hand axe
 j - the +∞ Axe of Woe (weapon)
   (You found it in the Dungeon)
Missiles
 d - 7 boomerangs of dispersal (quivered)
Armour
 b - a +0 leather armour (worn)
Scrolls
 c - 2 scrolls of blinking
Potions
 e - a potion of curing
 f - a potion of heal wounds
 g - a potion of haste
 h - 2 potions of magic
 i - a potion of berserk rage


   Skills:
 + Level 9.4 Fighting
 + Level 9.5 Axes
 + Level 8.4 Throwing
 + Level 8.5 Armour
 + Level 11.3 Dodging
 + Level 9.5 Spellcasting
 + Level 8.9 Translocations


You had 28 spell levels left.
You didn't know any spells.
Your spell library contained the following spells:

 Spells                   Type           Power      Damage    Failure   Level
 Blink                    Tloc           76%        N/A       1%          2
 Gell's Gravitas          Tloc           38%        N/A       1%          3
 Lesser Beckoning         Tloc           38%        N/A       1%          3
 Teleport Other           Tloc           38%        N/A       1%          3
 Manifold Assault         Tloc           38%        N/A       9%          5


Dungeon Overview and Level Annotations

Branches:
Dungeon (1/1)

Altars:
Makhleb


Innate Abilities, Weirdness & Mutations

Your natural rate of healing is accelerated.
You have razor-sharp teeth.
You have supernaturally acute eyesight. (SInv)
You are afflicted with vampirism and can become a bat while bloodless.


Message History

Your Armour skill gained 8 levels and is now at level 8!
Your Dodging skill gained 9 levels and is now at level 11!
Your Spellcasting skill gained 7 levels and is now at level 9!
Your Translocations skill gained 6 levels and is now at level 8!
You have reached level 2!
You have reached level 3!
Your experience leads to an increase in your attributes!
Increase (S)trength, (I)ntelligence, or (D)exterity?
You feel agile. x2
You can now turn into a vampire bat when bloodless.
You have reached level 4!
You have reached level 5!
You feel clever.
You have reached level 6!
You have reached level 7!
You have reached level 8!
You have reached level 9!
Your experience leads to an increase in your attributes!
Increase (S)trength, (I)ntelligence, or (D)exterity?
You feel agile. x2
You have reached level 10!
You feel clever.
Unknown command.
Unknown command.
The bag of meat shouts! x2; You hear a shout! x2
You begin bloodletting.
You continue bloodletting.
You hear a shout! x6
Keep bloodletting?
You hear a shout! x5; The bag of meat shouts!
You continue bloodletting.
The bag of meat shouts!
You hear a shout! x4
You continue bloodletting.
The bag of meat shouts!
You hear a shout! x11
The meat berserker hits you with a +9 battleaxe!!!!
Ouch! That really hurt!
* * * LOW HITPOINT WARNING * * *
You continue bloodletting.
You hear a shout! x7
The meat berserker hits you with a +9 battleaxe!!!
You die...

.. .. #. .# #..
o.# .###..
.o###.
......###o.....
....._.....
#.....# #_.@._#
#ooO..#
....._.....
......###o.....
.###.. .o###O
#.. ..# #. .#
.. ..


You could see 2 meat berserkers and 7 bags of meat.

Vanquished Creatures
  An orc (D)
1 creature vanquished.

Notes
Turn   | Place    | Note
-------+----------+-------------------------------------------
     0 | D        | Found the +∞ Axe of Woe
     0 | D        | Zeldest the Vampire Warper began the quest for the Orb.
     0 | D        | Reached XP level 1. HP: 16/16 MP: 3/3
     0 | D        | Noticed a bag of meat
     2 | D        | Killed a bag of meat
     2 | D        | Noticed a bag of meat
     2 | D        | Noticed a bag of meat
     2 | D        | Noticed a bag of meat
     3 | D        | Reached skill level 11 in Dodging
     3 | D        | Reached XP level 2. HP: 34/34 MP: 3/12
     3 | D        | Gained mutation: You are afflicted with vampirism and can
                  | become a bat while bloodless. [Vampire growth]
     3 | D        | Reached XP level 3. HP: 40/40 MP: 3/14
     3 | D        | Reached XP level 4. HP: 46/46 MP: 3/15
     3 | D        | Reached XP level 5. HP: 52/52 MP: 3/17
     3 | D        | Reached XP level 6. HP: 59/59 MP: 3/18
     3 | D        | Reached XP level 7. HP: 64/64 MP: 3/20
     3 | D        | Reached XP level 8. HP: 71/71 MP: 3/21
     3 | D        | Reached XP level 9. HP: 77/77 MP: 3/22
     3 | D        | Reached XP level 10. HP: 83/83 MP: 3/23
     3 | D        | Noticed a meat berserker
     4 | D        | Noticed a bag of meat
     4 | D        | Noticed a bag of meat
     5 | D        | Noticed a bag of meat
     6 | D        | Noticed a bag of meat
     6 | D        | HP: 4/83 [meat berserker/+9 battleaxe (79)]
     7 | D        | Noticed a meat berserker
     7 | D        | Annihilated by a meat berserker

Illustrated notes

Levels and vault maps discovered:
D:        meatsprint

Skill      XL: |  1 |
---------------+----+-----
Fighting       | 9 |  9.4
Axes           | 9 |  9.5
Throwing       | 8 |  8.4
Armour         | 8 |  8.5
Dodging        | 11 | 11.3
Spellcasting   | 9 |  9.5
Translocations | 8 |  8.9

Action                   |  1- 3 |  4- 6 |  7- 9 | 10-12 || total
-------------------------+-------+-------+-------+-------++-------
Melee: Executioner's axe |     1 |       |       |       ||     1
 Abil: Exsanguinate      |       |       |       |     1 ||     1

Table legend: (Time is in decaauts)
 A = Elapsed time spent in this place.
 B = Non-inter-level travel time spent in this place.
 C = Inter-level travel time spent in this place.
 D = Time resting spent in this place.
 E = Time spent auto-exploring this place.
 F = Levels seen in this place.
 G = Mean time per level.
                   A        B        C        D        E       F      G
               +--------+--------+--------+--------+--------+-----+--------+
         Total |      7 |      7 |      0 |      0 |      0 |   1 |    7.0 |
       Dungeon |      7 |      7 |      0 |      0 |      0 |   1 |    7.0 |
               +--------+--------+--------+--------+--------+-----+--------+

Top non-repeatable levels by time:
       D: 7 daAuts
